AoeStats
← tony le gros rou

Lombardia

508895355Analyzed
3v3 RM · 6d ago on Sep 24, 2026· 14m 14s· 6 players
Game mode
Random Map
Map size
Normal (6 player)
Population
200
Speed
Normal
Resources
Standard
Victory
Conquest
Starting age
Dark Age
Ending age
Imperial Age
RankedLock teamsTeams togetherTeam positionsShared explorationLock speedFull tech treeHidden civsTurbo modeCheats
Victory
Defeat
🇩🇰 Khmer · Denmark
1712
+11
🇧🇪 Magyars · Belgium
1570
+17
🇧🇷 Hindustanis · Brazil
1513
+21
🇫🇷 Britons · France
1685
-20
🇩🇪 Magyars · Germany
1573
-15
🇫🇷 Saracens · France
1540
-14
tony le gros rou
11:12 Feudal Age
14:53 Castle Age
ccereal
6:07 Loom
8:17 Feudal Age
8:55 Double-Bit Axe
11:08 Fletching
p0n0n0
6:46 Loom
9:14 Feudal Age
10:19 Double-Bit Axe
11:53 Horse Collar
f2p
6:36 Loom
6:44 Loom
8:58 Feudal Age
9:28 Double-Bit Axe
11:27 Horse Collar
CristinaLover
9:07 Feudal Age
9:03 Loom
9:50 Double-Bit Axe
9:46 Horse Collar
Voxer El Brazilian
7:00 Loom
9:40 Feudal Age
10:22 Double-Bit Axe
13:09 Fletching
Connection lost

Rejoining the realm…

Still unreachable

The connection could not be restored.

Session expired

The server has moved on; the page needs a fresh start.